 Dungeon Sprint DCSS version 0.30-a0-177-g1cb5dbfd7a (webtiles) character file.

Game seed: 12593665594330323956

3126 mhtbhm the Bludgeoner (level 9, 0/69 HPs)
             Began as a Gargoyle Berserker on Oct 2, 2022.
             Was a High Priest of Trog.
             Slain by a sphinx (5 damage)
             ... in the Dungeon (Sprint II: "The Violet Keep of Menkaure").
             The game lasted 00:02:48 (1270 turns).

mhtbhm the Bludgeoner (Gargoyle Berserker)          Turns: 1270, Time: 00:02:49

Health: 0/69       AC:  9    Str: 25    XL:     9   Next: 92%
Magic:  9/9        EV: 13    Int:  8    God:    Trog [*****.]
Gold:   385        SH:  5    Dex:  9    Spells: 8/8 levels left

rFire   . . .      SeeInvis .    a - +3 whip of Vuluw {venom, *Rage Fly rElec rPois}
rCold   . . .      Faith    .    (no shield)
rNeg    + . .      Spirit   .    b - +0 animal skin
rPois   ∞          Reflect  +    (no helmet)
rElec   +          Harm     .    (no cloak)
rCorr   .          Rampage  .    (no gloves)
Will    .....      Rage     20%  (no boots)
Stlth   ++........ NoTele   +    j - amulet of reflection
HPRegen 0.31/turn                (no ring)
MPRegen 0.11/turn                (no ring)

@: on berserk cooldown, flying, slowed, very slow
A: sickness immunity, AC +6, negative energy resistance 1, electricity
resistance, torment resistance 1, petrification resistance
a: Renounce Religion, Berserk, Trog's Hand, Brothers in Arms


You were in the Dungeon.
You worshipped Trog.
Trog was extremely pleased with you.
You visited 1 branch You collected 910 gold pieces.
You spent 525 gold pieces at shops.

Inventory:

Hand Weapons
 a - the +3 whip of Vuluw (weapon) {venom, *Rage Fly rElec rPois}
   (You bought it in a shop in the Dungeon)

   It poisons the flesh of those it strikes.
   rElec:     It insulates you from electricity.
   rPois:     It protects you from poison.
   Fly:       It grants you flight.
   *Rage:     It berserks you when you make melee attacks (+20% chance).
Missiles
 y - a throwing net
 A - 2 poisoned darts (quivered)
Armour
 b - a +0 animal skin (worn)
Jewellery
 j - an amulet of reflection (around neck)
 x - a ring of resist corrosion
Scrolls
 h - 2 scrolls of blinking
 l - 2 scrolls of vulnerability {unknown}
 o - a scroll of enchant armour {unknown}
 p - 4 scrolls of identify {unknown}
 t - a scroll of summoning {unknown}
 u - 2 scrolls of immolation {unknown}
 v - 2 scrolls of enchant weapon {unknown}
 w - 2 scrolls of fear {unknown}
Potions
 c - 3 potions of curing
 d - 5 potions of flight {unknown}
 e - 2 potions of haste
 f - 5 potions of magic
 g - a potion of berserk rage
 i - a potion of attraction {unknown}
 m - 2 potions of invisibility {unknown}
 n - 5 potions of resistance {unknown}
 q - 2 potions of mutation {unknown}
 r - 2 potions of heal wounds
 s - a potion of ambrosia {unknown}
 z - a potion of brilliance {unknown}
Miscellaneous
 k - a lightning rod (4/4)


   Skills:
 + Level 14.2 Fighting
 + Level 15.0 Maces & Flails
 + Level 6.7 Armour
 + Level 7.2 Dodging
 + Level 3.6 Stealth
 + Level 2.6 Shields


You had 8 spell levels left.
You didn't know any spells.
Your spell library was empty.

Dungeon Overview and Level Annotations

Branches:
Dungeon (1/1)

Altars:
Cheibriados
Dithmenos
Elyvilon
Fedhas
Gozag
Hepliaklqana
Kikubaaqudgha
Makhleb
Nemelex Xobeh
Okawaru
Qazlal
Ru
Sif Muna
Trog
Uskayaw
Vehumet
Wu Jian
Xom
Yredelemnul
Zin
The Shining One
Jiyva
Lugonu

Shops:
D !:=!?:([(((*[=[

Annotations:
D exclusions: ice statue and oklob plant


Innate Abilities, Weirdness & Mutations

You are immune to sickness and miasma.
Your stone body is resilient. (AC +6)
You are immune to poison.
You resist negative energy. (rN+)
You are resistant to electric shocks. (rElec)
You are resistant to unholy torment.
You are immune to petrification.


Message History

You block the deep troll's attack. The deep troll claws you.
* * * LOW HITPOINT WARNING * * *
You hit the deep troll.
The deep troll is moderately wounded.
You whack the deep troll!
The deep troll is poisoned.
The deep troll is heavily wounded.
You whack the deep troll!
The deep troll looks as sick as possible!
The deep troll is severely wounded.
The deep troll barely misses you. The deep troll claws you!
* * * LOW HITPOINT WARNING * * *
The deep troll barely misses you.
You barely miss the deep troll.
The deep troll is severely wounded.
You thrash the deep troll!!
The deep troll looks as sick as possible!
The deep troll is almost dead.
You whack the deep troll!
You kill the deep troll!
Trog accepts your kill.
Your Fighting skill increases to level 14!
Your Maces & Flails skill increases to level 15!
Your Dodging skill increases to level 7!
Found 54 gold pieces.
There is an open door, spattered with blood here.
You feel a strong urge to attack something.
You are no longer berserk.
You are exhausted.
You feel yourself slow down.
You now have 358 gold pieces (gained 27).
You now have 385 gold pieces (gained 27).
You reach down and open the door. 2 sphinxes come into view.
Found 162 gold pieces.
Found 54 gold pieces.
The sphinx shouts!
The sphinx hits you.
* * * LOW HITPOINT WARNING * * *
The sphinx hits you.
You die...

.#▓.).:....▓▓
##▓▓▓▓▓▓▓'▓▓▓▓+▓
~~~~~†~~~...≈≈≈▓
#######'###.ww≈▓
._._..#§~§##≈≈≈▓
_._._.#~§§§####▓▓▓▓▓
._._._#§§§§≈##$$#$$▓
_._._.#§~~≈§≈#$.#H.▓
._._..#§§§~§§'§.@H$▓
_._...#~§§§§§#§.#$.▓
._....#§§§§≈≈▓$$#$$▓
_.....#§§§≈▓▓▓▓▓▓▓▓▓
#######~§≈≈▓zzz
~~~~~~§§≈§§▓zz.
#######≈▓▓▓▓▓▓▓ #▓▓


You could see 2 sphinxes.

Vanquished Creatures
  2 deep trolls (D)
  A yaktaur (D)
  3 polar bears (D)
  A hornet (D)
  2 wyverns (D)
  A vampire mosquito (D)
  Menkaure (D)
  3 water moccasins (D)
  4 necrophages (D)
  3 worms (D)
21 creatures vanquished.

Vanquished Creatures (others)
  A water moccasin (D)
  12 tentacles (D)
13 creatures vanquished.

Grand Total: 34 creatures vanquished

Notes
Turn   | Place    | Note
-------+----------+-------------------------------------------
     0 | D        | mhtbhm the Gargoyle Berserker began the quest for the Orb.
     0 | D        | Reached XP level 1. HP: 14/14 MP: 1/1
     1 | D        | Noticed a necrophage
     1 | D        | Noticed a necrophage
     1 | D        | Noticed a necrophage
     1 | D        | Noticed a necrophage
     5 | D        | Killed a necrophage
     6 | D        | Reached skill level 5 in Maces & Flails
     6 | D        | Reached XP level 2. HP: 22/22 MP: 2/2
     6 | D        | Reached XP level 3. HP: 27/27 MP: 3/3
     6 | D        | Reached XP level 4. HP: 32/32 MP: 4/4
     9 | D        | Killed a necrophage
    10 | D        | Reached skill level 6 in Maces & Flails
    10 | D        | Reached XP level 5. HP: 38/38 MP: 5/5
    13 | D        | Reached ** piety under Trog
    14 | D        | Reached skill level 7 in Maces & Flails
    16 | D        | Reached skill level 8 in Maces & Flails
    16 | D        | Reached XP level 6. HP: 45/45 MP: 6/6
    45 | D        | Killed a water moccasin
    56 | D        | Reached *** piety under Trog
    61 | D        | Noticed a flying skull
    61 | D        | Noticed a flying skull
    61 | D        | Noticed a flying skull
    61 | D        | Noticed a flying skull
    61 | D        | Noticed a flying skull
    62 | D        | Noticed a flying skull
    62 | D        | Noticed a flying skull
    62 | D        | Noticed a flying skull
    62 | D        | Noticed a flying skull
    62 | D        | Noticed a flying skull
    62 | D        | Noticed a flying skull
    62 | D        | Noticed a flying skull
   141 | D        | Noticed Menkaure
   145 | D        | Killed Menkaure
   146 | D        | Reached skill level 9 in Maces & Flails
   146 | D        | Reached skill level 5 in Armour
   212 | D        | Noticed a boulder beetle
   212 | D        | Noticed a boulder beetle
   216 | D        | Noticed a wyvern
   216 | D        | Noticed a wyvern
   222 | D        | Killed a wyvern
   223 | D        | Reached skill level 10 in Fighting
   223 | D        | Reached skill level 10 in Maces & Flails
   223 | D        | Reached XP level 7. HP: 53/53 MP: 7/7
   224 | D        | Killed a wyvern
   224 | D        | Reached **** piety under Trog
   225 | D        | Reached skill level 11 in Maces & Flails
   272 | D        | Found Kecrep's Antique Armour Shop.
   273 | D        | Found Yrchoesy's Jewellery Boutique.
   273 | D        | Found Xahyac's Antique Weapon Shop.
   273 | D        | Found Ahuelor's General Store.
   273 | D        | Found Giost's Antique Weapon Boutique.
   273 | D        | Found Ypnoeche's Weapon Boutique.
   273 | D        | Found Wissolo's Antique Weapon Shop.
   273 | D        | Found Puff's Antique Armour Shop.
   274 | D        | Found Joavey's Book Shop.
   274 | D        | Found Jienguss's Magic Scroll Boutique.
   275 | D        | Found Saide's Armour Boutique.
   279 | D        | Noticed a vampire mosquito
   300 | D        | Killed a vampire mosquito
   311 | D        | Noticed a manticore
   312 | D        | Found Xituup Jufo's Distillery.
   312 | D        | Found Dakaedad's Jewellery Boutique.
   312 | D        | Noticed an oklob plant
   313 | D        | Found Qacw's Distillery.
   313 | D        | Found Fetod's Book Shoppe.
   313 | D        | Noticed a manticore
   314 | D        | Noticed a manticore
   324 | D        | Bought an iridescent whip for 135 gold pieces
   324 | D        | Identified the +3 whip of Vuluw {venom, *Rage Fly rElec
                  | rPois} (You bought it in a shop in the Dungeon)
   333 | D        | Bought an amulet of reflection for 390 gold pieces
   437 | D        | Noticed an ice statue
   439 | D        | Found an iron altar of Okawaru.
   494 | D        | Found an opulent altar of Gozag.
   494 | D        | Found a sparkling altar of Nemelex Xobeh.
   494 | D        | Found a blossoming altar of Fedhas.
   494 | D        | Found a radiant altar of Vehumet.
   494 | D        | Found a burning altar of Makhleb.
   494 | D        | Found a hide-covered altar of Uskayaw.
   494 | D        | Found a corrupted altar of Lugonu.
   494 | D        | Found a glowing silver altar of Zin.
   494 | D        | Found a bloodstained altar of Trog.
   494 | D        | Found a basalt altar of Yredelemnul.
   494 | D        | Found a shimmering blue altar of Sif Muna.
   494 | D        | Found a shimmering altar of Xom.
   495 | D        | Found a white marble altar of Elyvilon.
   495 | D        | Found an ancient bone altar of Kikubaaqudgha.
   495 | D        | Found a sacrificial altar of Ru.
   495 | D        | Found a glowing golden altar of the Shining One.
   495 | D        | Found an ornate altar of the Wu Jian Council.
   496 | D        | Found a shadowy altar of Dithmenos.
   496 | D        | Found a viscous altar of Jiyva.
   496 | D        | Found a stormy altar of Qazlal.
   501 | D        | Noticed a polar bear
   501 | D        | Noticed a polar bear
   504 | D        | Noticed a hornet
   517 | D        | Killed a polar bear
   518 | D        | Reached skill level 12 in Maces & Flails
   518 | D        | Reached skill level 5 in Dodging
   518 | D        | Reached XP level 8. HP: 60/60 MP: 8/8
   527 | D        | Killed a polar bear
   528 | D        | Reached skill level 1 in Stealth
   644 | D        | Noticed a yaktaur
   650 | D        | Killed a yaktaur
   658 | D        | Killed a hornet
   659 | D        | Reached skill level 13 in Maces & Flails
   665 | D        | Noticed a polar bear
   684 | D        | HP: 3/62 [polar bear (16)]
   684 | D        | HP: 1/62 [polar bear (2)]
   685 | D        | Killed a polar bear
   685 | D        | Reached ***** piety under Trog
   686 | D        | Reached skill level 1 in Shields
   686 | D        | Reached XP level 9. HP: 32/68 MP: 9/9
   687 | D        | Found a hazy altar of Hepliaklqana.
   687 | D        | Found a snail-covered altar of Cheibriados.
   812 | D        | Found the +12 glaive of Prune {vorpal}
   825 | D        | Noticed a kraken
  1242 | D        | Noticed a deep troll
  1242 | D        | Noticed a deep troll
  1254 | D        | Killed a deep troll
  1255 | D        | Reached skill level 14 in Maces & Flails
  1260 | D        | HP: 4/102 [deep troll (10)]
  1263 | D        | Killed a deep troll
  1264 | D        | Reached skill level 15 in Maces & Flails
  1269 | D        | Noticed a sphinx
  1269 | D        | Noticed a sphinx
  1270 | D        | Slain by a sphinx

Illustrated notes

Levels and vault maps discovered:
D:        the_violet_keep_of_menkaure [sprint2_stairs_cluster_1,
          sprint2_shoproom, sprint2_temple, sprint2_basic_supplies,
          sprint2_obstacle_7, sprint2_obstacle_2, sprint2_obstacle_1,
          sprint2_obstacle_5, sprint2_obstacle_3, sprint2_timed_cluster_1,
          sprint2_smallroom_cluster_1, sprint2_smallroom_final_cluster_1,
          sprint2_transparent_cluster_1, sprint2_second_timed_cluster_1,
          sprint2_sniper_area_1, sprint2_heavy_combat_area_1,
          sprint2_mutation_trap_area_1, sprint2_forest_area_1,
          sprint2_light_combat_area_1, sprint2_behind_water_1,
          sprint2_near_end_vault_1]

Skill      XL: |  1  2  3  4  5  6  7  8  9 |
---------------+----------------------------+-----
Fighting       | 6 7 8 10 11 13 14 | 14.2
Maces & Flails | 5 6 8 10 12 13 15 | 15.0
Armour         | 3 4 5 6 |  6.7
Dodging        | 2 3 4 5 7 |  7.2
Stealth        | 1 3 |  3.6
Shields        | 1 2 |  2.6

Action                   |  1- 3 |  4- 6 |  7- 9 || total
-------------------------+-------+-------+-------++-------
Melee: Mace              |     3 |    37 |    22 ||    62
       Whip              |       |       |    67 ||    67
Invok: Berserk           |     1 |     2 |     4 ||     7
  Use: Potion            |       |       |     1 ||     1
Armor: Animal skin       |       |     3 |    23 ||    26
Dodge: Dodged            |       |    10 |    46 ||    56
Block: Other             |       |       |    13 ||    13
       Reflection        |       |       |     1 ||     1

Table legend: (Time is in decaauts)
 A = Elapsed time spent in this place.
 B = Non-inter-level travel time spent in this place.
 C = Inter-level travel time spent in this place.
 D = Time resting spent in this place.
 E = Time spent auto-exploring this place.
 F = Levels seen in this place.
 G = Mean time per level.
                   A        B        C        D        E       F      G
               +--------+--------+--------+--------+--------+-----+--------+
         Total |   1293 |   1293 |      0 |    796 |      0 |   1 | 1293.0 |
       Dungeon |   1293 |   1293 |      0 |    796 |      0 |   1 | 1293.0 |
               +--------+--------+--------+--------+--------+-----+--------+

Top non-repeatable levels by time:
       D: 1293 daAuts
